 Dungeon Crawl Stone Soup version 0.28.0-43-g3370ac3207 (webtiles) character file.

Game seed: 7054893554375419640

91 Revguard the Skirmisher (level 4, -4/29 HPs)
             Began as a Gargoyle Fighter on Mar 23, 2022.
             Slain by an orc
             ... wielding a +0 trident
              (5 damage)
             ... on level 3 of the Dungeon.
             The game lasted 00:04:37 (2384 turns).

Revguard the Skirmisher (Gargoyle Fighter)          Turns: 2384, Time: 00:04:38

Health: -4/29      AC: 10    Str: 19    XL:     4   Next: 59%
Magic:  4/4        EV:  9    Int:  9    God:
Gold:   68         SH:  4    Dex: 11    Spells: 3/3 levels left

rFire   . . .      SeeInvis .   a - +0 flail
rCold   . . .      Faith    .   c - +0 buckler
rNeg    + . .      Spirit   .   b - +0 scale mail
rPois   ∞          Reflect  .   (no helmet)
rElec   +          Harm     .   (no cloak)
rCorr   .          Rampage  .   (no gloves)
Will    .....                   (no boots)
Stlth   ..........              (no amulet)
HPRegen 0.09/turn               (no ring)
MPRegen 0.09/turn               (no ring)

@: attractive, flying, hasted, very quick
A: sickness immunity, AC +3, negative energy resistance 1, electricity
resistance, torment resistance 1, petrification resistance
a: no special abilities


You were on level 3 of the Dungeon.
You visited 1 branch of the dungeon, and saw 3 of its levels.

You collected 68 gold pieces.

Inventory:

Hand Weapons
 a - a +0 flail (weapon)
Armour
 b - a +0 scale mail (worn)
 c - a +0 buckler (worn)
Scrolls
 f - 2 scrolls of identify {unknown}
 h - 2 scrolls of teleportation {unknown}
 i - 2 scrolls of fog {unknown}
 j - a scroll of immolation {unknown}
Potions
 d - 2 potions of might
 g - a potion of haste


   Skills:
 + Level 4.0 Fighting
 + Level 2.8 Maces & Flails
 + Level 3.9 Armour
 * Level 0.3 Dodging
 + Level 4.0 Shields


You had 3 spell levels left.
You didn't know any spells.
Your spell library contained the following spells:

 Spells                   Type           Power      Damage    Failure   Level
 Ensorcelled Hibernation  Hex/Ice        0%         N/A       93%         2
 Passwall                 Tmut/Erth      0%         N/A       93%         2
 Scorch                   Fire           0%         2d5       93%         2
 Swiftness                Air            0%         N/A       99%         3
 Flame Wave               Conj/Fire      0%         2d4       100%        4
 Summon Cactus Giant      Summ           0%         N/A       100%        6


Dungeon Overview and Level Annotations

Branches:
Dungeon (3/15)

Altars:


Innate Abilities, Weirdness & Mutations

You are immune to sickness and miasma.
Your stone body is resilient. (AC +3)
You are immune to poison.
You resist negative energy. (rN+)
You are resistant to electric shocks. (rElec)
You are resistant to unholy torment.
You are immune to petrification.


Message History

The adder is almost dead.
The orc hits you but does no damage. The adder bites you but does no damage.
The orc barely misses you. The orc hits you with a +0 hand axe.
You miss the adder.
The adder is almost dead.
The adder misses you. The orc hits you but does no damage.
The adder bites you but does no damage. The orc hits you but does no damage.
You closely miss the adder.
The adder is almost dead.
The adder bites you but does no damage. The orc closely misses you.
The orc hits you with a +0 hand axe. The adder bites you but does no damage.
The orc hits you but does no damage.
You hit the adder but do no damage.
The adder is almost dead.
You block the orc's attack. The adder bites you but does no damage.
The orc hits you from afar with a +0 trident.
The orc barely misses you. The adder bites you but does no damage.
You sock the adder!
You kill the adder!
The orc hits you but does no damage. x2; You block the goblin's attack.
Your Shields skill increases to level 4!
You hit the goblin.
The goblin is heavily wounded.
The orc hits you from afar with a +0 trident.
The orc barely misses you. You block the goblin's attack.
The orc hits you but does no damage. x2; The goblin hits you with a +0 club.
* * * LOW HITPOINT WARNING * * *
It was a potion of flight.
You feel very buoyant.
You fly up into the air.
The orc hits you with a +0 trident.
* * * LOW HITPOINT WARNING * * *
The orc barely misses you. The goblin hits you with a +0 club.
* * * LOW HITPOINT WARNING * * *
It was a potion of haste.
You feel yourself speed up. You block the orc's attack.
The orc closely misses you. The goblin barely misses you.
It was a potion of attraction.
You feel attractive to monsters. The orc hits you with a +0 trident.
You die...

# #...# ####..#
#..........
..##..#######...........
..##†.....).............
..##.###................
..#..# #...###........
....####..## #.#.....
.....#....####.o..#
#..#....##..?..o@.###
...............g....#
.....#...############
.....#.### #..#.#.#
..##.#.. .###..). .
#>.... ..###.


You could see 2 orcs and a goblin.

Vanquished Creatures
  A gnoll (D:1)
  An adder (D:3)
  3 worms
  2 dart slugs
  3 ball pythons
  2 bats
  7 endoplasms
  2 giant cockroaches
  3 goblins
  4 hobgoblins
  4 jackals (D:2)
  7 quokkas
  3 frilled lizards
  5 kobolds
  7 rats
54 creatures vanquished.

Notes
Turn   | Place    | Note
-------+----------+-------------------------------------------
     0 | D:1      | Revguard the Gargoyle Fighter began the quest for the Orb.
     0 | D:1      | Reached XP level 1. HP: 14/14 MP: 1/1
    48 | D:1      | Reached XP level 2. HP: 11/19 MP: 2/2
   783 | D:1      | Reached XP level 3. HP: 23/23 MP: 3/3
  1496 | D:2      | Reached XP level 4. HP: 22/29 MP: 4/4
  1789 | D:2      | Found a faded altar of an unknown god.
  2382 | D:3      | HP: 1/29 [goblin/+0 club (3)]
  2384 | D:3      | Slain by an orc

Illustrated notes

Levels and vault maps discovered:
D:1:      dpeg_arrival_stonehenge_8_columns, layout_basic, hangedman_glass_teeth
D:2:      layout_basic, ebering_ecumenical_altar_abandoned, st_stairs_1
D:3:      layout_rooms, kennysheep_cross_bottleneck

Skill      XL: |  1  2  3  4 |
---------------+-------------+-----
Fighting       | 4 |  4.0
Shields        | 4 |  4.0
Maces & Flails | |  2.8
Armour         | |  3.9
Dodging        | |  0.3

Action                   |  1- 3 |  4- 6 || total
-------------------------+-------+-------++-------
Melee: Flail             |   108 |    61 ||   169
  Use: Potion            |       |     3 ||     3
Armor: Scale mail        |    58 |    64 ||   122
Dodge: Dodged            |    54 |    45 ||    99
Block: Buckler           |    19 |    22 ||    41
